 Dungeon Sprint DCSS version 0.29-a0-613-gf2c431b9b9 (webtiles) character file.

Game seed: 3888481165638356465

21 mhtbhm the Caller (level 2, -3/15 HPs)
             Began as a Tengu Summoner on June 16, 2022.
             Slain by a scorpion (5 damage)
             ... in the Dungeon (Sprint III: "The Ten Rune Challenge").
             The game lasted 00:01:06 (387 turns).

mhtbhm the Caller (Tengu Summoner)                   Turns: 387, Time: 00:01:07

Health: -3/15      AC:  2    Str:  8    XL:     2   Next: 87%
Magic:  0/6        EV: 12    Int: 15    God:
Gold:   0          SH:  0    Dex: 14    Spells: 3/6 levels left

rFire   . . .      SeeInvis .   (no weapon)
rCold   . . .      Faith    .   (no shield)
rNeg    . . .      Spirit   .   a - +0 robe
rPois   .          Reflect  .   (helmet restricted)
rElec   .          Harm     .   (no cloak)
rCorr   .          Rampage  .   (no gloves)
Will    .....      NoTele   +   (boots unavailable)
Stlth   ++........              (no amulet)
HPRegen 0.05/turn               (no ring)
MPRegen 0.10/turn               (no ring)

@: no status effects
A: beak, talons 3
a: no special abilities


You were in the Dungeon.
You visited 1 branch

Inventory:

Armour
 a - a +0 robe (worn)
Scrolls
 g - a scroll of blinking
Potions
 b - 3 potions of magic
 d - 2 potions of heal wounds


   Skills:
 + Level 0.2 Fighting
 + Level 2.6 Dodging
 + Level 2.4 Stealth
 + Level 0.5 Unarmed Combat
 + Level 2.8 Spellcasting
 + Level 7.2 Summonings


You had 3 spell levels left.
You knew the following spells:

 Your Spells              Type           Power      Damage    Failure   Level
a - Summon Small Mammal   Summ           92%        N/A       1%          1
b - Call Imp              Summ           23%        N/A       1%          2

Your spell library contained the following spells:

 Spells                   Type           Power      Damage    Failure   Level
 Call Canine Familiar     Summ           23%        N/A       3%          3
 Summon Guardian Golem    Hex/Summ       12%        N/A       14%         3
 Summon Lightning Spire   Summ/Air       12%        N/A       43%         4


Dungeon Overview and Level Annotations

Branches:
Dungeon (1/1)

Altars:


Innate Abilities, Weirdness & Mutations

You have a beak for a mouth.
You have claws for feet.


Message History

Confirm with . or Enter, or press ? or * to list all spells.
A metallic apparition takes form in the air.
The scorpion stings your iron imp.
The scorpion barely misses your iron imp.
The scorpion completely misses your iron imp.
Your iron imp closely misses the scorpion.
The scorpion splashes around in the water.
Your iron imp barely misses the scorpion.
The scorpion stings your iron imp.
Your iron imp is poisoned.
The scorpion poisons your iron imp! The scorpion stings your iron imp.
Your iron imp dies!
Your iron imp disappears in a puff of smoke!
You aren't carrying any items that you can evoke.
Unknown command.
Press: ? - help, v - describe, . - travel
Here: a scorpion (almost dead)
The floor.
Unknown command.
The scorpion attacks as you move away! The scorpion closely misses you.
You hit the scorpion but do no damage. Your kick misses the scorpion.
The scorpion is almost dead.
The scorpion stings you.
You are poisoned.
The scorpion poisons you!
You hit the scorpion.
The scorpion is almost dead.
You feel sick. The scorpion stings you.
* * * LOW HITPOINT WARNING * * *
Unknown command.
You feel better. The scorpion barely misses you.
Casting: Call Imp (safe; 1% risk of failure)
Confirm with . or Enter, or press ? or * to list all spells.
The scorpion stings you.
* * * LOW HITPOINT WARNING * * *
The scorpion stings you but does no damage.
Unknown command.
The scorpion attacks as you move away! The scorpion stings you.
You die...

▓.....#....≈.♣♣
▓.....#...≈≈♣.♣.
▓.....#..≈≈≈≈♣.♣
▓####'#..≈≈≈≈≈≈♣.
▓(....#.≈≈≈≈≈≈...
▓..†..#.≈≈≈≈≈....
▓.....#.≈≈≈......
▓'#####..........
▓.r.@s...........
▓▓▓▓▓▓▓▓▓▓▓▓▓▓▓▓▓


You could see a scorpion (ally target) and a friendly quokka (summoned).

Vanquished Creatures
  A human (D)
1 creature vanquished.

Vanquished Creatures (collateral kills)
  An endoplasm (D)
  3 rats (D)
4 creatures vanquished.

Vanquished Creatures (others)
  A plant (D)
1 creature vanquished.

Grand Total: 6 creatures vanquished

Notes
Turn   | Place    | Note
-------+----------+-------------------------------------------
     0 | D        | mhtbhm the Tengu Summoner began the quest for the Orb.
     0 | D        | Reached XP level 1. HP: 10/10 MP: 4/4
     6 | D        | Reached skill level 5 in Summonings
   128 | D        | Reached skill level 7 in Summonings
   128 | D        | Reached XP level 2. HP: 6/15 MP: 2/6
   352 | D        | Learned a level 2 spell: Call Imp
   353 | D        | Noticed a scorpion
   387 | D        | Slain by a scorpion

Illustrated notes

Levels and vault maps discovered:
D:        dungeon_sprint_mu [sprint_mu_entry_forest, sprint_mu_temple_rooms,
          sprint_mu_d1_spiders, sprint_mu_d2_genie, sprint_mu_d3_branching,
          sprint_mu_orc_legion, sprint_mu_elf_gauntlet, sprint_mu_hive_nellie,
          sprint_mu_lair_fedhas, sprint_mu_vaults_butterflies,
          sprint_mu_slime_circle, sprint_mu_swamp_cave, sprint_mu_snake_twists,
          sprint_mu_blade_basic, sprint_mu_crypt_fortress,
          sprint_mu_tomb_spiral, sprint_mu_vestibule_basic,
          sprint_mu_gehenna_hellfire, sprint_mu_dis_giant,
          sprint_mu_tartarus_statrot, sprint_mu_cocytus_islands, sprint_mu_zot1]

Skill      XL: |  1 |
---------------+----+-----
Summonings     | 7 |  7.2
Fighting       | |  0.2
Dodging        | |  2.6
Stealth        | |  2.4
Unarmed Combat | |  0.5
Spellcasting   | |  2.8

Action                   || total
-------------------------++-------
Melee: Unarmed           ||    10
       Peck              ||     2
       Kick              ||     1
 Cast: Summon Small Mamm ||    11
       Call Imp          ||     2
  Use: Potion            ||     3
Armor: Robe              ||     2
Dodge: Dodged            ||     2

Table legend: (Time is in decaauts)
 A = Elapsed time spent in this place.
 B = Non-inter-level travel time spent in this place.
 C = Inter-level travel time spent in this place.
 D = Time resting spent in this place.
 E = Time spent auto-exploring this place.
 F = Levels seen in this place.
 G = Mean time per level.
                   A        B        C        D        E       F      G
               +--------+--------+--------+--------+--------+-----+--------+
         Total |    381 |    381 |      0 |    280 |      1 |   1 |  381.0 |
       Dungeon |    381 |    381 |      0 |    280 |      1 |   1 |  381.0 |
               +--------+--------+--------+--------+--------+-----+--------+

Top non-repeatable levels by time:
       D: 381 daAuts
